 Seeded DCSS version 0.28.0 (webtiles) character file.

Game seed: 10379525442082979767 (custom seed)

38 hikkokomori the Sneak (level 3, -2/30 HPs)
             Began as a Formicid Delver on Feb 16, 2022.
             Slain by an orc priest (3 damage)
             ... on level 5 of the Dungeon.
             The game lasted 00:01:19 (184 turns).

hikkokomori the Sneak (Formicid Delver)              Turns: 184, Time: 00:01:20

Health: -2/30      AC:  8    Str: 18    XL:     3   Next: 65%
Magic:  3/3        EV:  7    Int:  9    God:
Gold:   10         SH:  0    Dex: 12    Spells: 2/2 levels left

rFire   . . .      SeeInvis +   a - +0 hand axe
rCold   . . .      Faith    .   (no shield)
rNeg    . . .      Spirit   .   g - +0 chain mail
rPois   .          Reflect  .   (helmet unavailable)
rElec   .          Harm     .   (no cloak)
rCorr   .          Rampage  .   (no gloves)
Will    .....                   (no boots)
Stlth   ..........              (no amulet)
HPRegen 0.10/turn               (no ring)
MPRegen 0.08/turn               (no ring)

@: no status effects
A: permanent stasis, dig shafts and tunnels, antennae 3, four strong arms
a: Dig, Shaft Self


You were on level 5 of the Dungeon.
You visited 1 branch of the dungeon, and saw 1 of its levels.

You collected 10 gold pieces.

Inventory:

Hand Weapons
 a - a +0 hand axe (weapon)
Armour
 b - a +0 leather armour
 g - a +0 chain mail (worn)
Wands
 f - a wand of digging (3)
Scrolls
 c - a scroll of fog
 d - a scroll of magic mapping
 e - a scroll of fear
 h - a scroll of teleportation {unknown}


   Skills:
 + Level 3.7 Fighting
 + Level 2.5 Axes
 - Level 2.2 Dodging
 - Level 6.3 Stealth


You had 2 spell levels left.
You didn't know any spells.
Your spell library was empty.

Dungeon Overview and Level Annotations

Branches:
Dungeon (5/15)
 Temple: D:4-7

Altars:


Innate Abilities, Weirdness & Mutations

You cannot be hasted, slowed, berserked, paralysed or teleported.
You can dig through walls and to a lower floor.
You have a pair of large antennae on your head. (SInv)
Your four strong arms can wield two-handed weapons with a shield.


Message History

HP restored.
An orc comes into view. It is wielding a +0 flail.
The orc shouts!
An orc priest comes into view. It is wielding a +0 mace.
Things that are here:
a +0 club; an orc corpse You hit the orc.
The orc is moderately wounded.
The orc hits you but does no damage.
You slash the orc!
You kill the orc!
The orc priest shouts!
The orc priest mumbles some strange prayers to Beogh against you.
Pain shoots through your body!
Things that are here:
a +0 club; an orc corpse You barely miss the orc priest.
The orc priest mumbles some strange prayers to Beogh against you.
Pain shoots through your body!
* * * LOW HITPOINT WARNING * * *
You are too injured to fight recklessly!
You hit the orc priest.
The orc priest is moderately wounded.
The orc priest barely misses you. The orc priest hits you with a +0 mace.
* * * LOW HITPOINT WARNING * * *
You closely miss the orc priest.
The orc priest is moderately wounded.
The orc priest hits you with a +0 mace.
* * * LOW HITPOINT WARNING * * *
You hit the orc priest.
The orc priest is moderately wounded.
The orc priest hits you but does no damage.
You hit the orc priest.
The orc priest is heavily wounded.
The orc priest hits you with a +0 mace.
* * * LOW HITPOINT WARNING * * *
You hit the orc priest.
The orc priest is almost dead.
The orc priest hits you with a +0 mace.
You die...

.........................#
......#..>......##.......
........................
..................... .
.....#........#...(. .##
................##.##..#...
#....#......#...##...).....
.....#......#..o.)..###....
.............)##@#.## .
#................#.#
#...##....<.....##.#
....#...........#...
....................
....###.............. #...
.....##.......... ...
[...#.#.......... ..
...###............


You could see an orc priest.

Vanquished Creatures
  A centaur zombie (D:5)
  3 orcs (D:5)
4 creatures vanquished.

Notes
Turn   | Place    | Note
-------+----------+-------------------------------------------
     0 | D:5      | hikkokomori the Formicid Delver began the quest for the
                  | Orb.
     0 | D:5      | Reached XP level 1. HP: 18/18 MP: 1/1
    32 | D:5      | Reached XP level 2. HP: 23/25 MP: 2/2
    32 | D:5      | Reached XP level 3. HP: 28/30 MP: 3/3
   183 | D:5      | HP: 1/30 [orc priest (1)]
   184 | D:5      | Slain by an orc priest

Illustrated notes

Levels and vault maps discovered:
D:5:      layout_cave_pools, corexii_corridor_pit, minmay_lizard_king,
          uniq_eustachio, uniq_ijyb, uniq_duvessa, uniq_prince_ribbit1

Skill      XL: |  1 |
---------------+----+-----
Dodging        | 2 |  2.2
Fighting       | |  3.7
Axes           | |  2.5
Stealth        | |  6.3

Action                   || total
-------------------------++-------
Melee: Hand axe          ||    20
Armor: Chain mail        ||    18
Dodge: Dodged            ||    10
